 Dungeon Crawl Stone Soup version 0.24.0-13-gcf9b319 (webtiles) character file.

Game seed: 1896197329472601772, levelgen mode: deterministic

5711 Fang the Fighter (level 10, -6/66 HPs)
             Began as a Gargoyle Berserker on Nov 14, 2019.
             Was a High Priest of Trog.
             Killed from afar by Arctirus's ghost (12 damage)
             ... with a stone arrow
             ... on level 10 of the Dungeon.
             The game lasted 00:13:14 (8993 turns).

Fang the Fighter (Gargoyle Berserker)               Turns: 8993, Time: 00:13:15

Health: -6/66      AC: 21    Str: 24    XL:     10   Next: 76%
Magic:  10/10      EV:  9    Int: 10    God:    Trog [*****.]
Gold:   528        SH:  0    Dex:  9    Spells: 9/9 levels left

rFire    . . .     SeeInvis .   B - +5 battleaxe (freeze)
rCold    . . .     Gourm    .   (shield currently unavailable)
rNeg     + . .     Faith    .   b - +0 plate armour
rPois    ∞         Spirit   .   (no helmet)
rElec    +         Reflect  .   (no cloak)
rCorr    .         Harm     .   (no gloves)
MR       ++...     Rnd*Tele +   (no boots)
Stlth    ..........             (no amulet)
HPRegen  1.21/turn              s - ring of teleportation (curse)
MPRegen  0.12/turn              F - +2 ring of intelligence

@: berserk cooldown, regenerating, slowed, very slow
A: negative energy resistance 1, electricity resistance, unbreathing,
petrification resistance, rot immunity, AC +7
a: Berserk, Trog's Hand, Brothers in Arms, Renounce Religion


You were on level 10 of the Dungeon.
You worshipped Trog.
Trog was extremely pleased with you.
You were hungry.

You visited 2 branches of the dungeon, and saw 11 of its levels.

You collected 528 gold pieces.

Inventory:

Hand Weapons
 a - a +0 hand axe
 B - a +5 battleaxe of freezing (weapon)
Armour
 b - a +0 plate armour (worn)
Jewellery
 s - a cursed ring of teleportation (left hand)
 F - a +2 ring of intelligence (right hand)
Wands
 G - a wand of disintegration (7)
 I - a wand of clouds (6)
 J - a wand of flame (16)
Scrolls
 e - 7 scrolls of identify {unknown}
 f - 6 scrolls of teleportation {unknown}
 h - a scroll of fog {unknown}
 i - a scroll of immolation {unknown}
 l - a scroll of random uselessness {unknown}
 n - 2 scrolls of magic mapping {unknown}
 r - 3 scrolls of amnesia {unknown}
 t - 2 scrolls of blinking {unknown}
 u - 2 scrolls of remove curse {unknown}
 v - 2 scrolls of fear {unknown}
 y - a scroll of noise {unknown}
 C - a scroll of holy word {unknown}
Potions
 d - a potion of mutation {unknown}
 g - 3 potions of brilliance {unknown}
 j - a potion of ambrosia {unknown}
 k - 3 potions of degeneration {unknown}
 m - a potion of resistance {unknown}
 o - 6 potions of curing
 p - 3 potions of agility {unknown}
 q - 2 potions of flight {unknown}
 w - a potion of might {unknown}
 x - 2 potions of haste {unknown}
 z - 2 potions of heal wounds {unknown}
 A - 2 potions of lignification {unknown}
 D - a potion of berserk rage {unknown}
 H - a potion of magic {unknown}
Comestibles
 c - 21 rations
 E - 8 chunks of flesh


   Skills:
 + Level 9.2 Fighting
 + Level 7.8 Axes
 + Level 9.0 Armour
 + Level 6.8 Dodging


You had 9 spell levels left.
You didn't know any spells.
Your spell library was empty.

Dungeon Overview and Level Annotations

Branches:
Dungeon (10/15)            Temple (1/1) D:5
   Lair: D:8-11         Orc: D:9-12

Altars:
Cheibriados
Elyvilon
Fedhas
Gozag
Kikubaaqudgha
Makhleb
Nemelex Xobeh
Qazlal
Wu Jian
Yredelemnul
Zin
The Shining One

Annotations:
D:10 Arctirus's ghost, journeyman OpWz


Innate Abilities, Weirdness & Mutations

You are resistant to torment.
Your stone body is resilient. (AC +7)
You are immune to poison.
You resist negative energy. (rN+)
You are resistant to electric shocks. (rElec)
You can survive without breathing.
You are immune to petrification.
You are immune to rotting.


Message History

* * * LOW HITPOINT WARNING * * *
Arctirus's ghost hits you but does no damage.
The crimson imp hits you but does no damage.
Your skin crawls.
You feel resistant to hostile enchantments.
You are near starving!
The crimson imp hits you but does no damage.
Arctirus's ghost stares at you and mumbles some strange words.
The magic dart hits you!
* * * LOW HITPOINT WARNING * * *
The crimson imp hits you but does no damage.
The crimson imp closely misses you.
Eat one of 9 chunks of flesh? (ye/n/q)
Okay, then.
Eat one of 9 chunks of flesh? (ye/n/q)
You eat one of the 9 chunks of flesh.
This raw flesh tastes terrible.
You are feeling hungry.
Arctirus's ghost casts a spell at you. The stone arrow hits you!
You die...

#....#.# #..#......≈≈≈#
#....#.# #..#......>≈≈≈≈
#....#.# #..#(.......≈≈≈
#....+.# #..#.........#.
#....#.#########.......#
#....#5#.#(..(.#.......#
#....#.#.#...(.#.......#
###..#...'.8...#
#..##.@W....(#
#....55'..(..#
#......#$...(#
#......#.....#
#.....######## #######


You could see Arctirus's ghost and 3 crimson imps.

Vanquished Creatures
  A two-headed ogre (D:8)
  2 hornets (D:9)
  Grinder (D:3)
  A hippogriff (D:8)
  Sigmund (D:6)
  A wyvern (D:8)
  Edmund (D:6)
  A soldier ant (D:9)
  3 sky beasts
  2 black bears
  2 ice beasts (D:7)
  2 necrophages
  2 phantoms
  3 orc warriors
  3 ogres
  2 centaurs
  A bullfrog (D:9)
  A wyvern zombie (D:9)
  2 scorpions
  5 killer bees (D:8)
  4 wights (D:6)
  A howler monkey (D:6)
  4 crimson imps
  6 hounds
  5 orc priests
  Crazy Yiuf (D:3)
  A centaur skeleton (D:9)
  3 iron imps (D:3)
  2 jellies
  2 bullfrog skeletons
  An iguana (D:5)
  9 orc wizards
  Natasha (thrice) (D:3)
  3 worker ants
  2 hound zombies
  2 hound skeletons
  13 adders
  2 shadow imps
  2 adder skeletons (D:4)
  A worm (D:9)
  3 dart slugs
  5 leopard geckos
  29 orcs
  6 bats
  3 giant cockroaches
  6 goblins
  6 hobgoblins
  11 jackals
  3 kobolds
  2 quokkas (D:9)
  A ball python (D:2)
  7 frilled lizards
  A leopard gecko skeleton (D:4)
  8 rats
195 creatures vanquished.

Notes
Turn   | Place    | Note
-------+----------+-------------------------------------------
     0 | D:1      | Fang the Gargoyle Berserker began the quest for the Orb.
     0 | D:1      | Reached XP level 1. HP: 14/14 MP: 1/1
   237 | D:1      | Reached XP level 2. HP: 18/19 MP: 2/2
   585 | D:1      | Reached XP level 3. HP: 23/23 MP: 3/3
  1132 | D:2      | Found a glowing silver altar of Zin.
  1181 | D:2      | Reached ** piety under Trog
  1245 | D:2      | Reached XP level 4. HP: 29/29 MP: 4/4
  1726 | D:3      | Noticed Grinder
  1726 | D:3      | Paralysed by Grinder for 6 turns
  2050 | D:3      | Killed Grinder
  2050 | D:3      | Reached XP level 5. HP: 34/34 MP: 5/5
  2050 | D:3      | Reached XP level 6. HP: 39/39 MP: 6/6
  2684 | D:3      | Found a white marble altar of Elyvilon.
  2778 | D:3      | Found a burning altar of Makhleb.
  3030 | D:3      | Found a runed translucent door.
  3031 | D:3      | Noticed Crazy Yiuf
  3094 | D:3      | Noticed Natasha
  3108 | D:3      | Killed Natasha
  3108 | D:3      | Reached skill level 5 in Fighting
  3108 | D:3      | Reached XP level 7. HP: 15/44 MP: 7/7
  3761 | D:3      | Noticed Natasha
  3766 | D:3      | Killed Natasha
  3897 | D:3      | Killed Crazy Yiuf
  3996 | D:3      | Noticed Natasha
  4000 | D:3      | Killed Natasha
  4421 | D:4      | Reached skill level 5 in Armour
  4495 | D:4      | Reached *** piety under Trog
  4620 | D:4      | Found an opulent altar of Gozag.
  4621 | D:4      | Found a sparkling altar of Nemelex Xobeh.
  4763 | D:5      | Entered Level 5 of the Dungeon
  4801 | D:5      | Found a staircase to the Ecumenical Temple.
  4817 | D:5      | Reached XP level 8. HP: 51/51 MP: 8/8
  5039 | D:5      | Reached skill level 5 in Axes
  5391 | Temple   | Entered the Ecumenical Temple
  5444 | D:6      | Noticed Sigmund
  5463 | D:6      | Killed Sigmund
  5900 | D:6      | Noticed Edmund
  5912 | D:6      | Killed Edmund
  5912 | D:6      | Reached XP level 9. HP: 57/57 MP: 9/9
  6140 | D:6      | Found a glowing golden altar of the Shining One.
  6168 | D:6      | Reached skill level 5 in Dodging
  7125 | D:7      | Reached **** piety under Trog
  7308 | D:7      | Found an ornate altar of the Wu Jian Council.
  7631 | D:8      | Noticed a two-headed ogre
  7637 | D:8      | Killed a two-headed ogre
  7637 | D:8      | Reached XP level 10. HP: 23/64 MP: 10/10
  7960 | D:8      | Found a stormy altar of Qazlal.
  7962 | D:8      | Found a blossoming altar of Fedhas.
  8358 | D:9      | Found a basalt altar of Yredelemnul.
  8407 | D:9      | Reached ***** piety under Trog
  8419 | D:9      | Found a snail-covered altar of Cheibriados.
  8887 | D:10     | Entered Level 10 of the Dungeon
  8961 | D:10     | Found a runed translucent gate.
  8962 | D:10     | Found a runed translucent gate.
  8962 | D:10     | Found a runed translucent gate.
  8962 | D:10     | Noticed Arctirus's ghost (journeyman OpWz)
  8993 | D:10     | Killed from afar by Arctirus's ghost

Levels and vault maps discovered:
D:1:      co_arrival_random_square_maze, layout_basic,
          wander_ebering_terrifying_dragon_lair
D:2:      layout_loops_ring, overflow_temple_1_default
D:3:      minmay_door_path, layout_basic, demons_altar,
          hangedman_abyss_or_decor_lesser_grid, elyvilon_altar_5,
          uniq_crazy_yiuf_cottage, uniq_grinder, uniq_natasha
D:4:      layout_basic, grunt_temple_overflow_opulence, first_ration,
          serial_bayou_pond_a
D:5:      layout_loops_ring, minmay_temple_entry_hall
D:6:      layout_loops_ring, basic_altar, minmay_bent, uniq_sigmund, uniq_edmund
D:7:      layout_loops_ring, marbit_many_paths
D:8:      layout_basic, grunt_temple_overflow_forces_of_nature
D:9:      layout_rooms, yredelemnul_altar_generic, cheibriados_altar_1,
          hangedman_pestilent_swarm
D:10:     layout_stronghold, minmay_orc_entry_temple_small,
          ebering_ghost_rock_garden, hive_lemuel
Temple:   nicolae_temple_figure_eight

Skill      XL: |  1  2  3  4  5  6  7  8  9 10 |
---------------+-------------------------------+-----
Axes           | 3 4 5 6 7 |  7.8
Dodging        | 2 3 4 6 |  6.8
Armour         | 3 4 5 6 7 9 |  9.0
Fighting       | 4 5 7 8 9 |  9.2

Action                   |  1- 3 |  4- 6 |  7- 9 | 10-12 || total
-------------------------+-------+-------+-------+-------++-------
Melee: Hand axe          |    86 |   189 |   350 |       ||   625
       Battleaxe         |       |       |    72 |   184 ||   256
Invok: Berserk           |       |     4 |     9 |     2 ||    15
       Trog's Hand       |       |     1 |       |     1 ||     2
 Stab: Sleeping          |     2 |       |       |       ||     2
  Eat: Chunk             |     1 |     6 |    19 |     8 ||    34
       Ration            |       |     1 |     1 |       ||     2
Armor: Animal skin       |    24 |    29 |       |       ||    53
       Chain mail        |       |    37 |    87 |       ||   124
       Plate armour      |       |       |   181 |   187 ||   368
Dodge: Dodged            |    52 |    95 |   187 |   123 ||   457
